AoeStats
← 乳不巨何以聚人心

Nomad

509972609Analyzed
2v2 RM · 5d ago on Sep 28, 2026· 44m 41s· 4 players
Game mode
Random Map
Map size
176×176
Population
200
Speed
Normal
Resources
Standard
Victory
Conquest
Starting age
Dark Age
Ending age
Imperial Age
RankedLock teamsTeams togetherTeam positionsShared explorationLock speedFull tech treeHidden civsTurbo modeCheats
Victory
Defeat
🇭🇰 Bengalis · Hong Kong SAR China
1138
+13
🇭🇰 Malians · Hong Kong SAR China
1121
+14
🇲🇽 Varangians · Mexico
1093
-14
🇦🇷 Celts · Argentina
1060
-13
King Dario II
3:41 Loom
13:37 Feudal Age
25:53 Stone Mining
28:13 Castle Age
26:03 Double-Bit Axe
26:40 Fletching
29:45 Stone Shaft Mining
28:34 Elite Skirmisher
32:55 Bow Saw
32:53 Gold Mining
34:25 Crossbowman
36:49 Ballistics
41:52 Bodkin Arrow
41:58 Padded Archer Armor
44:28 Leather Archer Armor
M4n0_Hombremago
4:10 Loom
13:34 Feudal Age
14:54 Double-Bit Axe
18:39 Fishing Lines
21:53 Castle Age
22:04 Fletching
23:21 Medium Warships
24:28 Gold Mining
24:18 Man-at-Arms
24:48 Gambesons
25:45 Stone Mining
26:32 Bow Saw
30:20 Wheelbarrow
33:32 Bodkin Arrow
34:31 Horse Collar
39:32 Imperial Age
38:28 Town Watch
40:44 Scale Mail Armor
kyy
3:42 Loom
4:23 Loom
13:05 Feudal Age
17:06 Castle Age
19:56 Scale Mail Armor
22:57 Chain Mail Armor
23:46 Arson
35:58 Forging
37:28 Iron Casting
乳不巨何以聚人心
4:49 Loom
14:09 Feudal Age
20:49 Castle Age
18:37 Double-Bit Axe
18:45 Fletching
21:09 Crossbowman
22:10 Bow Saw
24:37 Wheelbarrow
26:30 Hand Cart
26:39 Bodkin Arrow
28:03 Ballistics
29:00 Sanctity
32:25 Redemption
37:03 Imperial Age
36:02 Horse Collar
36:44 Paiks
36:47 Padded Archer Armor
37:29 Heavy Plow
37:25 Gold Mining
38:34 Conscription
39:32 Chemistry
40:06 Elite Ratha (Ranged)
41:43 Bracer
41:47 Husbandry
41:58 Bloodlines
44:14 Two-Man Saw
44:20 Crop Rotation
Connection lost

Rejoining the realm…

Still unreachable

The connection could not be restored.

Session expired

The server has moved on; the page needs a fresh start.